 Dungeon Crawl Stone Soup version 0.28.0-53-g5a82cb258f (console) character file.

Game seed: 6039751342747488424

464 erker the Changer (level 7, 0/41 HPs)
             Began as an Octopode Earth Elementalist on July 23, 2022.
             Was an Initiate of Gozag.
             Succumbed to an adder's poison
             ... on level 5 of the Dungeon.
             The game lasted 00:14:23 (7607 turns).

erker the Changer (Octopode Earth Elementalist)     Turns: 7607, Time: 00:14:23

Health: 0/41       AC:  1    Str:  8    XL:     7   Next: 8%
Magic:  10/10      EV: 12    Int: 19    God:    Gozag
Gold:   329        SH:  4    Dex: 12    Spells: 4/11 levels left

rFire   . . .      SeeInvis .   h - +2 whip (venom)
rCold   . . .      Faith    .   l - +0 buckler
rNeg    . . .      Spirit   .   (helmet restricted)
rPois   .          Reflect  .   t - amulet of magic regeneration
rElec   .          Harm     .   c - ring of resist corrosion
rCorr   +          Rampage  .   (no ring)
Will    .....                   (no ring)
Stlth   +++.......              (no ring)
HPRegen 0.13/turn               (no ring)
MPRegen 0.52/turn               (no ring)
                                (no ring)
                                (no ring)

@: lethally poisoned (0 -> -1), attractive, studying Shields
A: almost no armour, amphibious, 8 rings, camouflage 1, gelatinous body 1,
(nimble swimmer 1), tentacles
a: Renounce Religion, Potion Petition, Call Merchant, Bribe Branch


You were on level 5 of the Dungeon.
You worshipped Gozag.
Gozag was aware of your devotion.
You visited 2 branches of the dungeon, and saw 7 of its levels.

You collected 386 gold pieces.
You paid 57 gold pieces to Gozag.

Inventory:

Hand Weapons
 d - a +0 dagger
 h - a +2 whip of venom (weapon)
 w - a +0 rapier
Missiles
 b - 126 stones
 m - 7 poisoned darts (quivered)
 v - 4 curare-tipped darts
Armour
 l - a +0 buckler (worn)
Magical Staves
 u - a staff of earth
Jewellery
 c - a ring of resist corrosion (left tentacle)
 o - a ring of positive energy
 t - an amulet of magic regeneration (around mantle)
Wands
 n - a wand of mindburst (6)
Scrolls
 a - 2 scrolls of amnesia {unknown}
 e - a scroll of noise {unknown}
 f - a scroll of torment {unknown}
 j - 2 scrolls of identify {unknown}
 k - 2 scrolls of teleportation {unknown}
 q - a scroll of enchant weapon {unknown}
 x - a scroll of fear {unknown}
 y - a scroll of holy word {unknown}
Potions
 g - 3 potions of attraction
 i - a potion of berserk rage {unknown}
 p - a potion of heal wounds {unknown}
 r - 2 potions of curing {unknown}
 s - a potion of flight {unknown}


   Skills:
 - Level 2.0 Short Blades
 - Level 2.0 Dodging
 - Level 4.0 Stealth
 - Level 3.0 Shields
 + Level 2.6 Spellcasting
 + Level 4.4 Transmutations
 + Level 4.4 Earth Magic


You had 4 spell levels left.
You knew the following spells:

 Your Spells              Type           Power      Damage    Failure   Level
a - Sandblast             Erth           38%        2d10      3%          1
p - Petrify               Tmut/Erth      19%        N/A       32%         4
w - Passwall              Tmut/Erth      15%        N/A       4%          2

Your spell library contained the following spells:

 Spells                   Type           Power      Damage    Failure   Level
 Slow                     Hex            8%         N/A       22%         1
 Stone Arrow              Conj/Erth      22%        3d8       26%         3
 Confusing Touch          Hex            2%         N/A       54%         3
 Vampiric Draining        Necr           2%         2d6       54%         3


Dungeon Overview and Level Annotations

Branches:
Dungeon (6/15)             Temple (1/1) D:4

Altars:
Ashenzari
Cheibriados
Dithmenos
Elyvilon
Fedhas
Gozag
Hepliaklqana
Kikubaaqudgha
Makhleb
Nemelex Xobeh
Okawaru
Qazlal
Ru
Sif Muna
Trog
Uskayaw
Vehumet
Wu Jian
Xom
Yredelemnul
Zin
The Shining One

Annotations:
D:5 2 transporters, exclusion: phantom, MCDelver's ghost, amateur DsTm
D:6 Grinder


Innate Abilities, Weirdness & Mutations

You cannot wear most types of armour.
You are amphibious.
You can wear up to eight rings at the same time.
Your skin changes colour to match your surroundings (Stealth+).
Your rubbery body absorbs attacks. (AC +1, EV +1)
((You are camouflaged when in or above water. (Stealth+)))
You have tentacles for arms and can constrict up to eight enemies at once.


Message History

You block the orc's attack.
You hit the orc. Your grab misses the orc. Your squeeze misses the orc.
The orc is almost dead.
The orc hits you with a +0 war axe of flaming.
The orc burns you.
You hit the orc.
The orc is poisoned.
Your grab misses the orc. You squeeze the orc.
You kill the orc!
No target in view!
You now have 313 gold pieces (gained 6).
You see here a +0 hand axe.
You now have 322 gold pieces (gained 9).
You see here a +0 war axe of flaming.
You now have 329 gold pieces (gained 7).
Things that are here:
a +0 club; 3 boomerangs
There is a stone staircase leading down here.
You climb downwards.
Level annotation: Grinder The adder barely misses you.
The orc hits you with a +0 club. You block the orc's attack.
The adder bites you.
You are poisoned.
The adder poisons you! The orc hits you with a +0 club.
The orc hits you with a +3 short sword.
There is a stone staircase leading up here.
You feel sick. The adder closely misses you. The orc hits you with a +0 club.
* * * LOW HITPOINT WARNING * * *
The orc barely misses you.
You climb upwards.
Level annotation: 2 transporters, exclusion: phantom, MCDelver's ghost, amateur DsTm You feel sick.
There is a stone staircase leading down here.
You feel sick.
You feel sick. The adder bites you but does no damage.
You feel sick. The adder bites you.
* * * LOW HITPOINT WARNING * * *
It was a potion of attraction.
You feel attractive to monsters.
You die...
Your body crumbles into a pile of gold.

...########.# ## ##...#.
...#W....©#.####################.
...#..##..#.#....................
(..#.#..# #....................##
...#.#..#.#............#####.#.#.
..©#..##O.#...#.#####........#.#.
...#!....©#...#............#.#.[.
..©#$.##..#................#.###.
...#.#..#.#...oo@....#...#...# #.
...#.#..# #....S.###.##.##...# #.
...#..##..#..>(..# #.##.##...# #.
...#......#..))..# #.##.##...###.
...########......# #.........#...
.#.#.#...........# ####.###..####
.......##........######.# #..#
.#.#.#.##........#......###..#
.#.#.#............W...#.[.#..#


You could see an adder and 2 orcs.

Vanquished Creatures
  A sky beast (D:5)
  A scorpion (D:5)
  A centaur zombie (D:5)
  A jelly (D:5)
  An orc priest (D:6)
  Jessica (D:2)
  A gnoll (D:1)
  5 adders
  A white imp (D:3)
  An ufetubus (D:5)
  An adder skeleton (D:4)
  3 worms
  3 dart slugs
  8 orcs
  6 bats
  9 endoplasms
  4 giant cockroaches
  8 hobgoblins
  10 jackals
  5 quokkas
  11 ball pythons
  2 frilled lizards (D:1)
  10 goblins
  8 kobolds
  2 rats (D:1)
104 creatures vanquished.

Vanquished Creatures (others)
  9 plants
9 creatures vanquished.

Grand Total: 113 creatures vanquished

Notes
Turn   | Place    | Note
-------+----------+-------------------------------------------
     0 | D:1      | erker the Octopode Earth Elementalist began the quest for
                  | the Orb.
     0 | D:1      | Reached XP level 1. HP: 11/11 MP: 3/3
   770 | D:1      | Reached XP level 2. HP: 17/17 MP: 3/5
   815 | D:1      | Learned a level 2 spell: Passwall
  1007 | D:1      | Reached XP level 3. HP: 21/21 MP: 1/6
  2154 | D:2      | Reached XP level 4. HP: 27/27 MP: 7/7
  2158 | D:2      | Noticed Jessica
  2167 | D:2      | Killed Jessica
  3193 | D:3      | Reached XP level 5. HP: 14/31 MP: 5/8
  3387 | D:3      | Reached skill level 1 in Shields
  3710 | D:3      | Found a sacrificial altar of Ru.
  4245 | D:3      | Found a faded altar of an unknown god.
  4606 | D:4      | Found a staircase to the Ecumenical Temple.
  4621 | Temple   | Entered the Ecumenical Temple
  4902 | Temple   | Became a worshipper of Gozag Ym Sagoz the Greedy
  6168 | D:5      | Entered Level 5 of the Dungeon
  6204 | D:5      | Noticed a sky beast
  6208 | D:5      | Found a transporter.
  6211 | D:5      | Noticed MCDelver's ghost (amateur DsTm)
  6214 | D:5      | Noticed an ogre
  6218 | D:5      | Noticed an ogre
  6228 | D:5      | Noticed a phantom
  6310 | D:5      | Reached skill level 1 in Short Blades
  6310 | D:5      | Reached XP level 6. HP: 36/36 MP: 7/9
  6522 | D:5      | Learned a level 4 spell: Petrify
  6713 | D:5      | Found a transporter.
  6886 | D:5      | Noticed an ice beast
  7030 | D:5      | Killed a sky beast
  7283 | D:6      | Noticed Grinder
  7295 | D:6      | Reached XP level 7. HP: 16/41 MP: 7/10
  7606 | D:5      | HP: 1/41 [adder (4)]
  7607 | D:5      | Succumbed to an adder's poison

Illustrated notes

Levels and vault maps discovered:
D:1:      lightli_arrival_isolated_outpost, layout_loops_ring
D:2:      layout_loops_ring, uniq_jessica
D:3:      layout_loops_ring, marbit_many_paths,
          shapermc_ecumenical_altar_acropolis
D:4:      layout_rooms, temple_statues, serial_forest,
          infiniplex_forest_lined_1, infiniplex_forest_clump_curved,
          infiniplex_forest_lined_corner, infiniplex_forest_corner_2,
          infiniplex_forest_side_room, infiniplex_forest_diagonal,
          infiniplex_forest_clump_small, kennysheep_diamond
D:5:      minmay_chambers_of_threes, layout_basic, gammafunk_ghost_smash
D:6:      layout_cave_pools, uniq_grinder
Temple:   compressed_dpeg_circular_temple

Skill      XL: |  1  2  3  4  5  6 |
---------------+-------------------+-----
Stealth        | 3 4 |  4.0
Earth Magic    | 4 |  4.4
Transmutations | 3 4 |  4.4
Shields        | 3 |  3.0
Short Blades   | 1 2 |  2.0
Dodging        | |  2.0
Spellcasting   | |  2.6

Action                   |  1- 3 |  4- 6 |  7- 9 || total
-------------------------+-------+-------+-------++-------
Melee: Unarmed           |    17 |       |       ||    17
       Constrict         |    15 |    34 |     2 ||    51
       Tentacles         |    12 |    27 |     3 ||    42
       Dagger            |    30 |     2 |       ||    32
       Punch             |     1 |     4 |       ||     5
       Whip              |    17 |   124 |     5 ||   146
Throw: Dart              |       |     1 |       ||     1
 Cast: Sandblast         |    15 |    20 |       ||    35
       Passwall          |       |     5 |       ||     5
  Use: Potion            |       |       |     1 ||     1
 Stab: Sleeping          |     7 |    19 |       ||    26
       Distracted        |       |     1 |       ||     1
Armor: Skin              |     8 |     7 |     1 ||    16
Dodge: Dodged            |    35 |    70 |     7 ||   112
Block: Buckler           |       |    11 |     6 ||    17
